Map: Orbital Shipyard

Players

Amane - Winner!

  • Race: Protoss Protoss
  • League: Grandmaster

Greg

  • Race: Terran Terran
  • League: Master

VOD

Have the link to the VOD?

Description

Time

  • Played on: Jan. 11, 2016, 8:44 p.m.
  • Length: 6:54
Show
View Real Time Build Order
Export as new Build Order

Amane Protoss - Winner!

Build Orders: 1 Gate Expand 

Get SALT Encoding   

  12  0:01  Probe (Chrono Boost)  
  13  0:12  Probe (Chrono Boost)  
  14  0:17  Pylon  
  14  0:22  Probe (Chrono Boost)  
  16  0:35  Probe (Chrono Boost)  
  16  0:40  Gateway  
  16  0:42  Assimilator  
  16  0:46  Probe (Chrono Boost)  
  17  0:57  Probe (Chrono Boost)  
  18  1:07  Probe (Chrono Boost)  
  19  1:20  Nexus  
  19  1:21  Probe (Chrono Boost)  
  20  1:33  Cybernetics Core  
  20  1:35  Probe (Chrono Boost)  
  21  1:45  Assimilator  
  21  1:47  Probe (Chrono Boost)  
  21  1:51  Pylon  
  22  1:58  Probe (Chrono Boost)  
  23  2:09  Probe (Chrono Boost)  
  23  2:10  Adept (Chrono Boost)  
  23  2:11  Warp Gate  
  26  2:21  Probe  
  26  2:22  Twilight Council  
  27  2:33  Probe  
  28  2:37  Probe  
  29  2:45  Probe  
  29  2:51  Probe  
  30  2:55  Adept (Chrono Boost)  
  30  2:58  Probe  
  34  2:59  Robotics Facility  
  34  3:01  Probe  
  35  3:10  Probe  
  35  3:12  Probe, Resonating Glaives (Chrono Boost)  
  36  3:19  Adept  
  39  3:22  Probe x2  
  41  3:31  Pylon  
  41  3:33  Probe  
  42  3:34  Probe  
  43  3:43  Probe  
  43  3:44  Gateway  
  43  3:46  Gateway  
  43  3:48  Gateway  
  44  3:53  Gateway  
  44  3:59  Gateway  
  44  4:09  Gateway  
  44  4:10  Gateway  
  44  4:15  Warp Prism (Chrono Boost)  
  46  4:26  Mothership Core  
  46  4:27  Adept  
  50  4:32  Pylon  
  50  4:39  Pylon  
  50  4:42  Pylon  
  50  4:46  Pylon  
  50  5:03  Observer (Chrono Boost)  
  51  5:21  Adept x7  
  53  5:22  Adept  
  53  5:28  Adept x3, Warp Prism (Chrono Boost)  
  51  5:29  Adept x4  
  51  5:32  Probe  
  58  5:43  Adept  
  58  5:48  Adept  
  58  5:49  Adept x6  
  74  6:14  Pylon  
  74  6:25  Adept x6  
  86  6:45  Adept x6  
  86  6:46  Adept x2  
Show
View Real Time Build Order
Export as new Build Order

Greg Terran 

Build Orders: Reaper Expand, MMM Bio 

Get SALT Encoding   

  12  0:00  SCV  
  13  0:12  SCV  
  14  0:17  Supply Depot  
  14  0:24  SCV  
  15  0:39  SCV  
  15  0:40  Barracks  
  16  0:49  Refinery  
  16  0:51  SCV  
  17  1:03  SCV  
  18  1:15  SCV  
  19  1:27  Orbital Command  
  19  1:33  Reaper  
  20  1:41  Command Center  
  20  1:48  Supply Depot  
  20  1:53  SCV  
  21  2:05  Barracks Reactor  
  21  2:07  SCV  
  22  2:13  Barracks  
  22  2:15  Barracks  
  22  2:20  Engineering Bay  
  23  2:22  SCV  
  23  2:28  Refinery  
  23  2:35  SCV  
  24  2:43  Marine x2  
  26  2:47  SCV  
  27  2:55  Orbital Command  
  27  2:59  SCV  
  27  3:02  Marine x2  
  29  3:05  Barracks Tech Lab x2  
  29  3:11  SCV  
  30  3:19  Marine  
  30  3:20  Marine  
  30  3:21  SCV  
  30  3:23  SCV  
  30  3:24  Stimpack  
  34  3:29  Combat Shields  
  34  3:32  Marine x2  
  34  3:33  SCV  
  37  3:35  SCV  
  37  3:41  Marine x2  
  38  3:45  Supply Depot  
  38  3:46  SCV  
  38  3:48  SCV  
  42  3:51  Factory  
  42  3:54  Refinery  
  42  3:55  Marine  
  42  3:58  SCV  
  42  3:59  Marine x2  
  46  4:06  Marine  
  46  4:07  Terran Infantry Weapons Level 1, SCV  
  48  4:12  Supply Depot  
  48  4:13  Marine  
  48  4:14  SCV  
  50  4:19  SCV  
  50  4:21  Supply Depot  
  50  4:23  Marine x2  
  53  4:24  Marine  
  54  4:33  SCV x2  
  54  4:34  Marine  
  54  4:36  Starport  
  54  4:37  Factory Reactor  
  57  4:40  Marine  
  57  4:44  Marine x2  
  60  4:45  SCV  
  60  4:49  Supply Depot  
  60  4:50  SCV  
  62  4:54  Marine  
  62  4:56  Supply Depot  
  62  4:58  Marine  
  62  4:59  SCV  
  65  5:02  SCV  
  66  5:09  Supply Depot  
  66  5:10  Marine x2  
  66  5:12  Marine  
  69  5:17  Marine  
  69  5:18  SCV x2  
  71  5:21  Medivac x2  
  71  5:28  Marine x2  
  68  5:30  Marine  
  68  5:32  Factory Reactor  
  68  5:34  SCV x2  
  68  5:35  Marine  
  67  5:44  Barracks  
  67  5:45  Barracks  
  67  5:46  SCV x2, Marine  
  67  5:47  Marauder  
  67  5:48  Marauder  
  67  5:49  Concussive Shells  
  74  5:56  Medivac  
  74  5:57  Medivac  
  78  5:58  Marine  
  78  6:00  SCV x2  
  78  6:03  Marine  
  82  6:08  Marauder  
  82  6:09  Marauder  
  86  6:12  SCV x2, Refinery  
  86  6:13  Supply Depot  
  86  6:15  Supply Depot  
  88  6:19  Marine  
  89  6:30  Marauder  
  89  6:31  Factory Reactor, Marauder  
  93  6:33  Barracks Reactor, Barracks Tech Lab, Marine  
  94  6:41  Missile Turret  
  94  6:42  Missile Turret x2  
Tags
 
Add a new tag
Caveats
  • Supply blocks, unpowered buildings, or Contaminate may cause inaccurate times.
  • Supply counts are checked every 10 seconds.